| TOP OF THE 1ST |
|
Bridgetown Tridents batting - Pitching for Fort de France Carnivals : RHP Jose Guzman
|
|
Pitching: RHP Jose Guzman
|
|
|
Batting: SHB Harold Reynolds
|
0-0: Ball 1-0: Ball 2-0: Ball 3-0: Called Strike 3-1: Base on Balls
|
|
Batting: RHB Cal Ripken
|
0-0: Ball 1-0: Fly out, F9 (Flyball, 9LM, EV 90.6 MPH)
|
|
Batting: LHB Darryl Strawberry
|
Pickoff Throw to First - Error! E1 Harold Reynolds to second 0-0: Ball 1-0: Ball 2-0: Called Strike 2-1: Foul Ball, location: 2F 2-2: Ground out 6-3 (Groundball, 6, EV 100.6 MPH)
|
|
Batting: RHB Dave Meier
|
0-0: Fly out, F7 (Flyball, 7D, EV 102.5 MPH)
|
| Top of the 1st over - 0 runs, 0 hits, 1 error, 1 left on base; Bridgetown 0 - Fort de France 0 |
| BOTTOM OF THE 1ST |
|
Fort de France Carnivals batting - Pitching for Bridgetown Tridents : RHP Storm Davis
|
|
Pitching: RHP Storm Davis
|
|
|
Batting: SHB Gary Pettis
|
0-0: Foul Ball, location: 2F 0-1: TRIPLE (Line Drive, 9D, EV 110.0 MPH)
|
|
Batting: RHB Eddie Vargas
|
0-0: Fly out, F8 (Flyball, 8RS, EV 90.6 MPH) Runner from 3rd tags up, OUT at HOME! 8-2
|
|
Batting: RHB Ramiro Gutierrez
|
0-0: Fly out, F8 (Flyball, 78M, EV 81.3 MPH)
|
| Bottom of the 1st over - 0 runs, 1 hit, 0 errors, 0 left on base; Bridgetown 0 - Fort de France 0 |
| TOP OF THE 2ND |
|
Bridgetown Tridents batting - Pitching for Fort de France Carnivals : RHP Jose Guzman
|
|
Batting: RHB Fritzie Connally
|
0-0: Ground out 6-3 (Groundball, 6, EV 82.5 MPH)
|
|
Batting: LHB Paul O'Neill
|
0-0: Foul Ball, location: 2F 0-1: Ball 1-1: Called Strike 1-2: Foul Ball, location: 2F 1-2: Ball 2-2: Strikes out swinging
|
|
Batting: LHB Ray Cosey
|
0-0: Called Strike 0-1: Swinging Strike 0-2: Ground out 6-3 (Groundball, 6, EV 107.5 MPH)
|
| Top of the 2nd over - 0 runs, 0 hits, 0 errors, 0 left on base; Bridgetown 0 - Fort de France 0 |
| BOTTOM OF THE 2ND |
|
Fort de France Carnivals batting - Pitching for Bridgetown Tridents : RHP Storm Davis
|
|
Batting: LHB Omar Guerrero
|
0-0: Ground out 4-3 (Groundball, 4M, EV 84.4 MPH)
|
|
Batting: LHB Mike McCain
|
0-0: Ball 1-0: Foul Ball, location: 2F 1-1: Ball 2-1: Foul Ball, location: 2F 2-2: Ball 3-2: SINGLE (Line Drive, 34, EV 94.4 MPH)
|
|
Batting: LHB Steve Sbragia
|
0-0: Ball 1-0: SINGLE (Groundball, 34D, EV 110.0 MPH) Mike McCain to second Runner from 2nd tries for 3rd, SAFE, throw by RF made to third
|
|
Batting: RHB Mario Diaz
|
0-0: Called Strike 0-1: Called Strike 0-2: SINGLE (Line Drive, 4D, EV 111.3 MPH) Mike McCain scores Steve Sbragia to second
|
|
Batting: RHB Scott Richartz
|
0-0: Foul Ball, location: 2F 0-1: Called Strike 0-2: Ball Wild Pitch! Steve Sbragia to third Mario Diaz to second 1-2: Foul Ball, location: 2F 1-2: Strikes out swinging
|
|
Batting: RHB Mike Colbern
|
0-0: Ball 1-0: Foul Ball, location: 2F 1-1: Foul Ball, location: 2F 1-2: Strikes out swinging
|
| Bottom of the 2nd over - 1 run, 3 hits, 0 errors, 2 left on base; Bridgetown 0 - Fort de France 1 |
| TOP OF THE 3RD |
|
Bridgetown Tridents batting - Pitching for Fort de France Carnivals : RHP Jose Guzman
|
|
Batting: SHB Jeff Doyle
|
0-0: Called Strike 0-1: Ball 1-1: Ball 2-1: Ball 3-1: Base on Balls
|
|
Batting: SHB Butch Wynegar
|
0-0: Ball 1-0: Ball 2-0: Foul Ball, location: 2F 2-1: Ball 3-1: Foul Ball, location: 2F 3-2: Strikes out looking
|
|
Batting: SHB Harold Reynolds
|
0-0: Ball 1-0: Ball 2-0: Ball 3-0: Called Strike 3-1: Foul Ball, location: 2F 3-2: Strikes out swinging
|
|
Batting: RHB Cal Ripken
|
0-0: Ball 1-0: Called Strike 1-1: Ball 2-1: Foul Ball, location: 2F 2-2: 2-RUN HOME RUN (Line Drive, 7D, EV 96.9 MPH), Distance : 383 ft
|
|
Batting: LHB Darryl Strawberry
|
0-0: Ball 1-0: Ball 2-0: Ball 3-0: Base on Balls
|
|
Batting: RHB Dave Meier
|
0-0: Ball 1-0: Called Strike 1-1: Ball 2-1: Ground out 1-3 (Groundball, 34S, EV 68.8 MPH)
|
| Top of the 3rd over - 2 runs, 1 hit, 0 errors, 1 left on base; Bridgetown 2 - Fort de France 1 |
| BOTTOM OF THE 3RD |
|
Fort de France Carnivals batting - Pitching for Bridgetown Tridents : RHP Storm Davis
|
|
Batting: SHB Gary Pettis
|
0-0: Foul Ball, location: 2F 0-1: Ball 1-1: Called Strike 1-2: Foul Ball, location: 2F 1-2: Foul Ball, location: 2F 1-2: Strikes out looking
|
|
Batting: RHB Eddie Vargas
|
0-0: Fly out, F4 (Line Drive, 4, EV 72.5 MPH)
|
|
Batting: RHB Ramiro Gutierrez
|
0-0: Ball 1-0: SINGLE (Line Drive, 78M, EV 100.0 MPH)
|
|
Batting: LHB Omar Guerrero
|
0-0: Ball Ramiro Gutierrez steals 2nd base 1-0: Foul Ball, location: 2F 1-1: Called Strike 1-2: Ground out 4-3 (Groundball, 34D, EV 78.8 MPH)
|
| Bottom of the 3rd over - 0 runs, 1 hit, 0 errors, 1 left on base; Bridgetown 2 - Fort de France 1 |
| TOP OF THE 4TH |
|
Bridgetown Tridents batting - Pitching for Fort de France Carnivals : RHP Jose Guzman
|
|
Batting: RHB Fritzie Connally
|
0-0: Swinging Strike 0-1: Ball 1-1: Foul Ball, location: 2F 1-2: Foul Ball, location: 2F 1-2: Fly out, F3 (Popup, 3SF, EV 70.6 MPH)
|
|
Batting: LHB Paul O'Neill
|
0-0: Fly out, F9 (Flyball, 9S, EV 76.9 MPH)
|
|
Batting: LHB Ray Cosey
|
0-0: Hit by Pitch
|
|
Batting: SHB Jeff Doyle
|
0-0: Ball 1-0: Ball Ray Cosey steals 2nd, throwing error, E2 Ray Cosey to third 2-0: Called Strike 2-1: Ball 3-1: Swinging Strike 3-2: Base on Balls
|
|
Batting: SHB Butch Wynegar
|
0-0: Ball 1-0: Called Strike 1-1: Ball 2-1: Ball 3-1: Fielders Choice at 2nd, U6 (Groundball, 6M, EV 76.9 MPH)
|
| Top of the 4th over - 0 runs, 0 hits, 1 error, 2 left on base; Bridgetown 2 - Fort de France 1 |
| BOTTOM OF THE 4TH |
|
Fort de France Carnivals batting - Pitching for Bridgetown Tridents : RHP Storm Davis
|
|
Batting: LHB Mike McCain
|
0-0: Foul Ball, location: 2F 0-1: Called Strike 0-2: Fly out, F8 (Flyball, 8LM, EV 81.3 MPH)
|
|
Batting: LHB Steve Sbragia
|
0-0: Ball 1-0: Ball 2-0: Ground out 4-3 (Groundball, 4, EV 83.8 MPH)
|
|
Batting: RHB Mario Diaz
|
0-0: Called Strike 0-1: SINGLE (Groundball, 6MD, EV 98.1 MPH) (infield hit)
|
|
Batting: RHB Scott Richartz
|
0-0: Swinging Strike 0-1: Ball 1-1: Ball 2-1: Fly out, F9 (Flyball, 9LD, EV 101.9 MPH)
|
| Bottom of the 4th over - 0 runs, 1 hit, 0 errors, 1 left on base; Bridgetown 2 - Fort de France 1 |
| TOP OF THE 5TH |
|
Bridgetown Tridents batting - Pitching for Fort de France Carnivals : RHP Jose Guzman
|
|
Batting: SHB Harold Reynolds
|
0-0: Ball 1-0: Ball 2-0: Ball 3-0: Called Strike 3-1: Foul Ball, location: 2F 3-2: Ground out 5-3 (Groundball, 56S, EV 84.4 MPH)
|
|
Batting: RHB Cal Ripken
|
0-0: Ball 1-0: Ground out 5-3 (Groundball, 56, EV 83.1 MPH)
|
|
Batting: LHB Darryl Strawberry
|
0-0: Ball 1-0: Called Strike 1-1: Foul Ball, location: 2F 1-2: Ball 2-2: Ground out 5-3 (Groundball, 56, EV 101.9 MPH)
|
| Top of the 5th over - 0 runs, 0 hits, 0 errors, 0 left on base; Bridgetown 2 - Fort de France 1 |
| BOTTOM OF THE 5TH |
|
Fort de France Carnivals batting - Pitching for Bridgetown Tridents : RHP Storm Davis
|
|
Batting: RHB Mike Colbern
|
0-0: Foul Ball, location: 2F 0-1: Ground out 6-3 (Groundball, 6, EV 84.4 MPH)
|
|
Batting: SHB Gary Pettis
|
0-0: Called Strike 0-1: Fly out, F7 (Line Drive, 7, EV 88.8 MPH)
|
|
Batting: RHB Eddie Vargas
|
0-0: Ball 1-0: Ground out U3 (Groundball, 34, EV 87.5 MPH)
|
| Bottom of the 5th over - 0 runs, 0 hits, 0 errors, 0 left on base; Bridgetown 2 - Fort de France 1 |
| TOP OF THE 6TH |
|
Bridgetown Tridents batting - Pitching for Fort de France Carnivals : RHP Jose Guzman
|
|
Batting: RHB Dave Meier
|
0-0: Swinging Strike 0-1: Foul Ball, location: 2F 0-2: Ball 1-2: Ball 2-2: Ground out 6-3 (Groundball, 6, EV 101.9 MPH)
|
|
Batting: RHB Fritzie Connally
|
0-0: Called Strike 0-1: Foul Ball, location: 2F 0-2: Ground out 4-3 (Groundball, 4, EV 111.9 MPH)
|
|
Batting: LHB Paul O'Neill
|
0-0: Called Strike 0-1: Ball 1-1: Foul Ball, location: 2F 1-2: Ground out 3-1 (Groundball, 34, EV 83.1 MPH)
|
| Top of the 6th over - 0 runs, 0 hits, 0 errors, 0 left on base; Bridgetown 2 - Fort de France 1 |
| BOTTOM OF THE 6TH |
|
Fort de France Carnivals batting - Pitching for Bridgetown Tridents : RHP Storm Davis
|
|
Batting: RHB Ramiro Gutierrez
|
0-0: Ball 1-0: Foul Ball, location: 2F 1-1: Ball 2-1: Ball 3-1: Called Strike 3-2: Foul Ball, location: 2F 3-2: Strikes out looking
|
|
Batting: LHB Omar Guerrero
|
0-0: Called Strike 0-1: Swinging Strike 0-2: Ball 1-2: Strikes out looking
|
|
Batting: LHB Mike McCain
|
0-0: Called Strike 0-1: Ball 1-1: Called Strike 1-2: Foul Ball, location: 2F 1-2: Foul Ball, location: 2F 1-2: Ball 2-2: Ball 3-2: Foul Ball, location: 2F 3-2: Foul Ball, location: 2F 3-2: Foul Ball, location: 2F 3-2: Fly out, F9 (Flyball, 89S, EV 90.6 MPH)
|
| Bottom of the 6th over - 0 runs, 0 hits, 0 errors, 0 left on base; Bridgetown 2 - Fort de France 1 |
| TOP OF THE 7TH |
|
Bridgetown Tridents batting - Pitching for Fort de France Carnivals : RHP Jose Guzman
|
|
Pitching: RHP Rob Pietroburgo
|
|
|
Batting: LHB Ray Cosey
|
0-0: Ball 1-0: Called Strike 1-1: Foul Ball, location: 2F 1-2: Ground out 4-3 (Groundball, 4, EV 79.4 MPH)
|
|
Batting: SHB Jeff Doyle
|
0-0: Called Strike 0-1: Fly out, F8 (Flyball, 78M, EV 76.9 MPH)
|
|
Batting: SHB Butch Wynegar
|
0-0: Ball 1-0: Ball 2-0: DOUBLE (Groundball, 3L, EV 101.3 MPH)
|
|
Batting: SHB Harold Reynolds
|
0-0: Ball 1-0: Called Strike 1-1: Ground out U3 (Groundball, 3, EV 98.8 MPH)
|
| Top of the 7th over - 0 runs, 1 hit, 0 errors, 1 left on base; Bridgetown 2 - Fort de France 1 |
| BOTTOM OF THE 7TH |
|
Fort de France Carnivals batting - Pitching for Bridgetown Tridents : RHP Storm Davis
|
|
Batting: LHB Steve Sbragia
|
0-0: Ball 1-0: Called Strike 1-1: Foul Ball, location: 2F 1-2: Foul Ball, location: 2F 1-2: Fly out, F3 (Popup, 3, EV 83.1 MPH)
|
|
Batting: RHB Mario Diaz
|
0-0: Ball 1-0: SINGLE (Groundball, 6MD, EV 94.4 MPH)
|
|
Pinch Hitting: LHB Felix Agapay
|
0-0: Called Strike 0-1: Called Strike 0-2: Ball 1-2: Ball 2-2: Fly out, F9 (Flyball, 9D, EV 90.0 MPH)
|
|
Batting: RHB Mike Colbern
|
0-0: Called Strike 0-1: Ball 1-1: Ball 2-1: Ball 3-1: Ground out 5-3 (Groundball, 56S, EV 86.3 MPH)
|
| Bottom of the 7th over - 0 runs, 1 hit, 0 errors, 1 left on base; Bridgetown 2 - Fort de France 1 |
| TOP OF THE 8TH |
|
Bridgetown Tridents batting - Pitching for Fort de France Carnivals : RHP Rob Pietroburgo
|
|
Now at 2B: Julio Collazo
|
|
|
Batting: RHB Cal Ripken
|
0-0: Ball 1-0: Fly out, F9 (Flyball, 9, EV 90.6 MPH)
|
|
Batting: LHB Darryl Strawberry
|
0-0: Ball 1-0: Called Strike 1-1: Foul Ball, location: 2F 1-2: Fly out, F8 (Flyball, 78M, EV 91.3 MPH)
|
|
Batting: RHB Dave Meier
|
0-0: Ball 1-0: Foul Ball, location: 2F 1-1: Fly out, F8 (Flyball, 8RM, EV 86.9 MPH)
|
| Top of the 8th over - 0 runs, 0 hits, 0 errors, 0 left on base; Bridgetown 2 - Fort de France 1 |
| BOTTOM OF THE 8TH |
|
Fort de France Carnivals batting - Pitching for Bridgetown Tridents : RHP Storm Davis
|
|
Batting: SHB Gary Pettis
|
0-0: Ball 1-0: Ground out 1-3 (Groundball, 15S, EV 68.8 MPH)
|
|
Batting: RHB Eddie Vargas
|
0-0: Ground out 1-3 (Groundball, 25, EV 63.8 MPH)
|
|
Batting: RHB Ramiro Gutierrez
|
0-0: Fly out, F6 (Flyball, 56D, EV 96.9 MPH)
|
| Bottom of the 8th over - 0 runs, 0 hits, 0 errors, 0 left on base; Bridgetown 2 - Fort de France 1 |
| TOP OF THE 9TH |
|
Bridgetown Tridents batting - Pitching for Fort de France Carnivals : RHP Rob Pietroburgo
|
|
Batting: RHB Fritzie Connally
|
0-0: Swinging Strike 0-1: Ball 1-1: Swinging Strike 1-2: Ball 2-2: Strikes out swinging
|
|
Batting: LHB Paul O'Neill
|
0-0: Ball 1-0: Ball 2-0: Ball 3-0: Called Strike 3-1: Ground out 5-3 (Groundball, 56, EV 105.0 MPH)
|
|
Batting: LHB Ray Cosey
|
0-0: DOUBLE (Flyball, 8LXD, EV 113.1 MPH)
|
|
Batting: SHB Jeff Doyle
|
0-0: Ball 1-0: Called Strike 1-1: Fly out, F8 (Flyball, 8LS, EV 90.6 MPH)
|
| Top of the 9th over - 0 runs, 1 hit, 0 errors, 1 left on base; Bridgetown 2 - Fort de France 1 |
| BOTTOM OF THE 9TH |
|
Fort de France Carnivals batting - Pitching for Bridgetown Tridents : RHP Storm Davis
|
|
Pitching: LHP Carlos A Diaz
|
|
|
Now in LF: Thad Bosley
|
|
|
Batting: LHB Omar Guerrero
|
0-0: Called Strike 0-1: Called Strike 0-2: Strikes out swinging
|
|
Batting: RHB Tom Dodd
|
0-0: Called Strike 0-1: Ball 1-1: Foul Ball, location: 2F 1-2: Ball 2-2: Strikes out looking
|
|
Batting: LHB Steve Sbragia
|
0-0: Fly out, F6 (Popup, 6M, EV 68.1 MPH)
|
| Bottom of the 9th over - 0 runs, 0 hits, 0 errors, 0 left on base; Bridgetown 2 - Fort de France 1 |
|